AoeStats
← epic porc epic

African Clearing

510407940Analyzed
4v4 RM · 2d ago on Sep 30, 2026· 64m 3s· 8 players
Game mode
Random Map
Map size
Large (8 player)
Population
200
Speed
Normal
Resources
Standard
Victory
Conquest
Starting age
Dark Age
Ending age
Imperial Age
RankedLock teamsTeams togetherTeam positionsShared explorationLock speedFull tech treeHidden civsTurbo modeCheats
Victory
Defeat
🇫🇷 Persians · France
963
+14
🇩🇴 Franks · Dominican Republic
921
+45
🇫🇷 Berbers · France
886
+18
🇫🇷 Mongols · France
830
+21
🇨🇳 Magyars · China
941
-18
🇨🇦 Romans · Canada
935
-49
🇲🇽 Celts · Mexico
921
-17
🇨🇦 Burgundians · Canada
901
-45
epic porc epic
16:58 Feudal Age
17:24 Double-Bit Axe
17:21 Horse Collar
18:29 Wheelbarrow
18:42 Gold Mining
18:55 Town Watch
23:16 Castle Age
23:57 Pikeman
26:05 Bow Saw
26:33 Gold Shaft Mining
27:14 Scale Mail Armor
27:45 Squires
27:40 Stone Mining
30:02 Hand Cart
31:36 Crossbowman
32:46 Elite Skirmisher
37:34 Padded Archer Armor
37:26 Fletching
37:49 Man-at-Arms
38:29 Long Swordsman
40:42 Scale Mail Armor
40:58 Ballistas
Thorin escudo de Roble
MarkedMantis233
4:05 Gold Mining
4:06 Stone Mining
6:23 Double-Bit Axe
12:16 Loom
14:54 Wheelbarrow
23:04 Feudal Age
26:55 Hand Cart
27:42 Bow Saw
31:46 Town Watch
44:02 Castle Age
42:37 Horse Collar
43:37 Stone Shaft Mining
43:37 Gold Shaft Mining
46:40 Heavy Plow
49:52 Husbandry
49:12 Cavalier
子薄
12:20 Loom
16:36 Feudal Age
19:11 Double-Bit Axe
20:39 Fishing Lines
24:13 Castle Age
23:20 Scale Barding Armor
23:17 Fishing Lines
29:12 Gillnets
29:40 Bow Saw
36:20 Corvinian Army
36:25 Gold Mining
36:26 Stone Mining
39:17 Imperial Age
38:40 Wheelbarrow
40:39 Gold Shaft Mining
39:29 Heavy Scorpion
44:45 Chain Barding Armor
43:50 Elite Magyar Huszar
44:53 Conscription
44:00 Elite Magyar Huszar
46:14 Bloodlines
ColCol le Grand
5:12 Loom
15:45 Feudal Age
16:33 Double-Bit Axe
19:31 Forging
19:27 Scale Barding Armor
20:03 Wheelbarrow
22:14 Castle Age
21:02 Stone Mining
23:13 Light Cavalry
24:04 Bloodlines
24:55 Husbandry
28:01 Fletching
29:38 Padded Archer Armor
30:39 Bow Saw
30:46 Forging
30:35 Bodkin Arrow
30:51 Forging
33:23 Leather Archer Armor
33:29 Chain Barding Armor
38:26 Imperial Age
37:30 Iron Casting
38:58 Elite Mangudai
40:15 Bracer
39:38 Elite Mangudai
40:59 Capped Ram
41:48 Town Watch
42:05 Horse Collar
44:46 Scale Mail Armor
45:47 Blast Furnace
45:40 Conscription
44:47 Siege Ram
47:01 Siege Engineers
53:05 Drill
52:55 Thumb Ring
53:17 Parthian Tactics
56:40 Chemistry
56:00 Gold Mining
58:59 Ballistics
62:47 Scale Mail Armor
62:50 Town Patrol
ColPwin
3:54 Loom
15:24 Feudal Age
17:55 Double-Bit Axe
20:27 Castle Age
22:18 Wheelbarrow
23:09 Horse Collar
24:16 Hand Cart
27:16 Fletching
28:10 Heavy Plow
31:14 Bloodlines
31:05 Husbandry
31:36 Bow Saw
31:21 Gold Mining
31:25 Stone Mining
31:47 Light Cavalry
32:33 Padded Archer Armor
32:29 Bodkin Arrow
36:17 Imperial Age
34:20 Leather Archer Armor
35:41 Kasbah
37:53 Crop Rotation
37:49 Conscription
37:41 Bracer
37:52 Forging
37:50 Scale Barding Armor
38:20 Elite Camel Archer
39:16 Thumb Ring
39:45 Ring Archer Armor
40:25 Caravan
41:14 Maghrebi Camels
41:51 Hussar
44:38 Iron Casting
44:23 Chain Barding Armor
44:23 Heavy Camel Rider
56:01 Spies/Treason
60:29 Plate Barding Armor
60:55 Blast Furnace
64:08 Chemistry
63:33 Ballistics
Gérard Carpentier
12:20 Loom
14:43 Feudal Age
15:47 Double-Bit Axe
23:08 Castle Age
22:10 Stone Mining
22:04 Horse Collar
24:16 Forging
24:13 Scale Barding Armor
26:33 Bow Saw
29:28 Gold Mining
33:25 Iron Casting
35:41 Imperial Age
33:19 Heavy Plow
33:05 Fishing Lines
33:22 Fletching
35:00 Stone Shaft Mining
35:01 Gold Shaft Mining
34:48 Murder Holes
35:44 Wheelbarrow
36:27 Elite War Elephant
39:37 Blast Furnace
38:58 Chain Barding Armor
38:34 Bodkin Arrow
41:21 Hand Cart
41:38 Crop Rotation
42:09 Two-Man Saw
41:03 Gillnets
46:20 Plate Barding Armor
47:18 Husbandry
47:30 Bloodlines
52:43 Caravan
53:17 Coinage
52:58 Guilds
55:26 Banking
Lord Voldemort
14:50 Feudal Age
28:02 Castle Age
38:28 Scale Mail Armor
38:37 Scale Barding Armor
38:41 Husbandry
43:56 Chain Mail Armor
48:56 Imperial Age
49:08 Cavalier
Connection lost

Rejoining the realm…

Still unreachable

The connection could not be restored.

Session expired

The server has moved on; the page needs a fresh start.